AoeStats
← Kauly | TTV

Arabia

511603167Analyzed
3v3 RM · 13d ago on Oct 5, 2026· 46m 3s· 6 players
Game mode
Random Map
Map size
Normal (6 player)
Population
200
Speed
Normal
Resources
Standard
Victory
Conquest
Starting age
Dark Age
Ending age
Imperial Age
RankedLock teamsTeams togetherTeam positionsShared explorationLock speedFull tech treeHidden civsTurbo modeCheats
Victory
Defeat
🇬🇧 Britons · United Kingdom
1146
+13
🇬🇧 Italians · United Kingdom
1107
+15
🇬🇧 Lithuanians · United Kingdom
1038
+17
vs
🇱🇺 Ethiopians · Luxembourg
1079
-15
🇩🇪 Franks · Germany
1073
-15
🇩🇪 Shu · Germany
1073
-15
Kauly | TTV
8:57 Loom
11:15 Feudal Age
15:57 Castle Age
14:29 Double-Bit Axe
17:44 Scale Barding Armor
21:17 Forging
21:45 Bow Saw
26:46 Chain Barding Armor
27:04 Gold Mining
29:33 Wheelbarrow
31:03 Iron Casting
30:34 Husbandry
36:07 Town Watch
42:09 Imperial Age
43:29 Plate Barding Armor
43:18 Conscription
42:28 Cavalier
BaCk Up
9:18 Loom
11:25 Feudal Age
13:46 Double-Bit Axe
14:11 Horse Collar
15:10 Fletching
15:20 Padded Archer Armor
18:52 Wheelbarrow
25:18 Castle Age
25:27 Crossbowman
26:13 Thumb Ring
26:05 Bodkin Arrow
27:24 Bow Saw
29:23 Heavy Plow
30:26 Hand Cart
32:56 Elite Skirmisher
33:54 Leather Archer Armor
35:17 Gold Mining
41:12 Squires
41:23 Forging
41:14 Scale Mail Armor
42:29 Gold Shaft Mining
41:45 Stone Mining
46:59 Imperial Age
46:14 Iron Casting
45:54 Chain Mail Armor
Kellokz
7:29 Loom
10:01 Feudal Age
10:29 Double-Bit Axe
17:04 Fletching
20:48 Castle Age
18:49 Horse Collar
19:27 Padded Archer Armor
20:50 Crossbowman
21:38 Thumb Ring
21:34 Bodkin Arrow
25:43 Leather Archer Armor
35:41 Wheelbarrow
40:53 Imperial Age
39:41 Gold Mining
41:55 Conscription
42:38 Arbalester
43:49 Ballistics
44:30 Chemistry
Hinbin
6:32 Loom
9:00 Feudal Age
11:00 Double-Bit Axe
12:45 Horse Collar
16:21 Wheelbarrow
18:43 Castle Age
17:33 Scale Barding Armor
17:39 Forging
18:53 Bloodlines
20:53 Chain Barding Armor
20:56 Bow Saw
24:15 Iron Casting
26:14 Husbandry
32:59 Imperial Age
32:05 Hand Cart
35:16 Plate Barding Armor
34:02 Cavalier
36:44 Elite Leitis
38:52 Paladin
Lamy's Back
10:19 Feudal Age
9:25 Loom
12:26 Gold Mining
12:24 Double-Bit Axe
15:02 Fletching
17:21 Horse Collar
23:46 Padded Archer Armor
34:25 Arson
37:59 Castle Age
36:39 Stone Mining
38:14 Wheelbarrow
ThePiper
7:15 Loom
9:41 Feudal Age
10:08 Double-Bit Axe
22:18 Castle Age
20:32 Horse Collar
21:28 Padded Archer Armor
21:21 Fletching
21:49 Padded Archer Armor
22:20 Crossbowman
23:05 Bodkin Arrow
23:32 Crossbowman
31:50 Gold Mining
37:41 Imperial Age
34:35 Elite Skirmisher
37:31 Bow Saw
38:47 Wheelbarrow
39:03 Bracer
40:33 Ballistics
40:12 Arbalester
41:21 Thumb Ring
41:33 Leather Archer Armor
43:27 Chemistry
44:12 Hand Cart
43:43 Town Watch
45:25 Ring Archer Armor
45:14 Capped Ram
Connection lost

Rejoining the realm…

Still unreachable

The connection could not be restored.

Session expired

The server has moved on; the page needs a fresh start.